 Dungeon Crawl Stone Soup version 0.31-a0-185-g9dded2c639 (webtiles) character file.

Game seed: 3219070478397973622

24 qw the Shooter (level 2, -3/16 HPs)
             Began as a Deep Elf Hunter on June 22, 2023.
             Slain by an adder (4 damage)
             ... on level 2 of the Dungeon.
             The game lasted 00:00:17 (884 turns).

qw the Shooter (Deep Elf Hunter)                     Turns: 884, Time: 00:00:18

Health: -3/16      AC:  5    Str:  8    XL:     2   Next: 79%
Magic:  4/4        EV: 10    Int: 13    God:
Gold:   120        SH:  0    Dex: 18    Spells: 1/1 levels left

rFire   . . .        a - +0 shortbow
rCold   . . .        (shield currently unavailable)
rNeg    . . .        d - +0 ring mail
rPois   .            (no helmet)
rElec   .            (no cloak)
rCorr   .            (no gloves)
SInv    .            (no boots)
Will    .....        g - amulet of the acrobat
Stlth   +            (no ring)
HPRegen 0.22/turn    (no ring)
MPRegen 0.09/turn

%: acrobat
@: lethally poisoned (-3 -> -5)
A: no striking features
a: no special abilities


You were on level 2 of the Dungeon.
You visited 1 branch of the dungeon, and saw 2 of its levels.

You collected 120 gold pieces.


   Skills:
 - Level 1.5 Fighting
 + Level 6.5 Ranged Weapons
 - Level 2.4 Dodging
 - Level 1.2 Stealth


You had one spell level left.
You didn't know any spells.
Your spell library was empty.

Inventory:

Hand Weapons
 a - a +0 shortbow (weapon)
Armour
 d - a +0 ring mail (worn)
Jewellery
 g - an amulet of the acrobat (around neck)
Scrolls
 c - a scroll of identify {unknown}
Potions
 b - a potion of haste {unknown}
 e - a potion of cancellation {unknown}
 f - a potion of magic {unknown}

Dungeon Overview and Level Annotations

Branches:
Dungeon (2/15)

Altars:


Message History

Found a scroll labelled KARITR ECEGH, a gold piece and a sling.
You shoot an arrow. The arrow hits the endoplasm.
The endoplasm is severely wounded.
You shoot an arrow. The arrow hits the endoplasm.
You kill the endoplasm!
There is an open door here.
c - a scroll labelled KARITR ECEGH You now have 120 gold pieces (gained 1).
You open the door.
There is an open door here.
An adder comes into view.
The adder hisses angrily.
You shoot an arrow.
The arrow hits the adder but does no damage.
The adder barely misses you.
You shoot an arrow. The arrow closely misses the adder.
The adder bites you but does no damage. The adder bites you.
You shoot an arrow. The arrow hits the adder.
The adder is lightly wounded.
The adder bites you.
You are poisoned.
The adder poisons you!
You shoot an arrow. The arrow closely misses the adder.
You feel sick. The adder closely misses you. The adder barely misses you.
You shoot an arrow. The arrow completely misses the adder.
You feel sick. The adder barely misses you.
You shoot an arrow. The arrow closely misses the adder.
You feel sick. The adder bites you.
You are more poisoned.
The adder poisons you! The adder closely misses you.
You shoot an arrow. The arrow closely misses the adder.
You feel very sick. The adder bites you but does no damage.
The adder bites you.
You shoot an arrow. The arrow hits the adder.
The adder is lightly wounded.
You feel sick. The adder bites you.
You shoot an arrow. The arrow hits the adder.
The adder is moderately wounded.
You feel sick. The adder bites you.
You die...

..######.##.## #.###.
### #.##.# #.# ## #.....
..# ####+## ### ##...##
# ##.....## # #.##.
##.......## ##
#.....####.........####.
......S@.'.........'....
###...####.........###..
#.. ##.......## #.# #.
##...).## #.# # ##...##
#.. ##+## ### # # #


You could see an adder.

Vanquished Creatures
  2 ball pythons
  2 endoplasms
  4 hobgoblins (D:1)
  3 jackals (D:1)
  2 quokkas
  2 bats (D:1)
  A frilled lizard (D:1)
  3 kobolds (D:1)
  2 rats (D:1)
21 creatures vanquished.

Notes
Turn   | Place    | Note
-------+----------+-------------------------------------------
     0 | D:1      | qw the Deep Elf Hunter began the quest for the Orb.
     0 | D:1      | Reached XP level 1. HP: 12/12 MP: 3/3
     0 | D:1      | 0 ||| qw: Version: 0.3-a-9-g12657ce
     0 | D:1      | 0 ||| qw: Game counter: 1761
     0 | D:1      | 0 ||| qw: Always use a shield: true
     0 | D:1      | 0 ||| qw: God list: Okawaru
     0 | D:1      | 0 ||| qw: Allow faded altars: false
     0 | D:1      | 0 ||| qw: Do Orc after D:15 true
     0 | D:1      | 0 ||| qw: Do second Lair branch before Depths: true
     0 | D:1      | 0 ||| qw: Lair rune preference: random
     0 | D:1      | 0 ||| qw: Plans: Normal
     0 | D:1      | 0 ||| PLANNING D:1-11
   363 | D:1      | Reached XP level 2. HP: 16/16 MP: 4/4
   513 | D:1      | Reached skill level 6 in Ranged Weapons
   513 | D:1      | Found a faded altar of an unknown god.
   718 | D:1      | 718 ||| UPGRADING to +0 ring mail.
   728 | D:1      | 728 ||| DROPPING +0 leather armour.
   729 | D:1      | 729 ||| UPGRADING to amulet of the acrobat.
   734 | D:1      | 734 ||| DRINKING 2 brown potions.
   735 | D:1      | 735 ||| DROPPING scroll of butterflies.
   736 | D:1      | 736 ||| DROPPING potion of brilliance.
   882 | D:2      | HP: 4/16 [adder (1)]
   884 | D:2      | HP: 1/16 [poisoned by an adder]
   884 | D:2      | Slain by an adder

Levels and vault maps discovered:
D:1:      giann_horns, layout_basic, dreamdust_ecumenical_altar_grove
D:2:      layout_loops_corners, uniq_jessica

Skill      XL: |  1  2 |
---------------+-------+-----
Ranged Weapons | 6 |  6.5
Fighting       | |  1.5
Dodging        | |  2.4
Stealth        | |  1.2

Action                     || total
---------------------------++-------
   Fire: Shortbow          ||    67
    Use: Potion            ||     1
 Armour: Leather armour    ||     6
         Ring mail         ||     3
  Dodge: Dodged            ||    20

Table legend:
 A = Non-vault XP
 B = Vault XP
 C = Vault XP percentage of total XP
 D = Non-vault monster count
 E = Vault monster count
 F = Vault count percentage of total count
                 A         B        C        D         E       F
            +---------+---------+-------+---------+---------+-------
      Total |      35 |       0 |   0.0 |      21 |       0 |   0.0
            +---------+---------+-------+---------+---------+-------
        D:1 |      29 |       0 |   0.0 |      18 |       0 |   0.0
        D:2 |       6 |       0 |   0.0 |       3 |       0 |   0.0
            +---------+---------+-------+---------+---------+-------
